 Dungeon Crawl Stone Soup version 0.25.1-2-g60ff931df9 (webtiles) character file.

Game seed: 8743112846994615138

16 AuftragZ the Charmwright (level 2, 0/22 HPs)
             Began as a Merfolk Skald on Aug 4, 2020.
             Slain by a giant cockroach (2 damage)
             ... on level 2 of the Dungeon.
             The game lasted 00:03:36 (1122 turns).

AuftragZ the Charmwright (Merfolk Skald)            Turns: 1122, Time: 00:03:38

Health: 0/22       AC:  4    Str: 11    XL:     2   Next: 54%
Magic:  1/5        EV: 12    Int: 18    God:
Gold:   75         SH:  0    Dex: 13    Spells: 0/5 levels left

rFire    + . .     SeeInvis .   a - +0 short sword
rCold    + . .     Gourm    .   (no shield)
rNeg     . . .     Faith    .   b - +1 leather armour
rPois    +         Spirit   .   (no helmet)
rElec    +         Reflect  .   (no cloak)
rCorr    +         Harm     .   (no gloves)
MR       .....                  (no boots)
Stlth    +.........             (no amulet)
HPRegen  0.07/turn              e - +6 ring of intelligence
MPRegen  0.09/turn              (no ring)

@: resistant, singing, very slightly contaminated
A: change form in water, swift swim, stealthy swim
a: no special abilities


You were on level 2 of the Dungeon.
You were hungry.

You visited 1 branch of the dungeon, and saw 2 of its levels.

You collected 75 gold pieces.

Inventory:

Hand Weapons
 a - a +0 short sword (weapon)
Armour
 b - a +1 leather armour (worn)
Jewellery
 e - a +6 ring of intelligence (left hand)
 l - an uncursed amulet of guardian spirit {unknown}
Scrolls
 j - 2 scrolls of remove curse
Potions
 f - 2 potions of flight
Comestibles
 d - 2 rations


   Skills:
 + Level 2.2 Fighting
 + Level 2.5 Short Blades
 + Level 0.8 Armour
 + Level 2.9 Dodging
 + Level 2.1 Spellcasting
 + Level 3.7 Charms


You couldn't memorise any spells.
You knew the following spells:

 Your Spells              Type           Power        Failure   Level  Hunger
a - Infusion              Chrm           ###.         4%          1    #......
b - Song of Slaying       Chrm           ###.....     8%          2    ###....
c - Shroud of Golubria    Chrm/Tloc      #.....       16%         2    ###....

Your spell library contained the following spells:

 Spells                   Type           Power        Failure   Level  Hunger
 Ozocubu's Armour         Chrm/Ice       #.......     32%         3    ###....
 Spectral Weapon          Hex/Chrm       #.......     32%         3    ###....


Dungeon Overview and Level Annotations

Branches:
Dungeon (2/15)

Altars:


Message History

* * * LOW HITPOINT WARNING * * *
The hobgoblin closely misses you.
You hit the adder.
The adder is heavily wounded.
The adder bites you but does no damage. The giant cockroach barely misses you.
The hobgoblin hits you.
* * * LOW HITPOINT WARNING * * *
You hit the adder.
The adder is almost dead.
The adder closely misses you. The giant cockroach bites you.
* * * LOW HITPOINT WARNING * * *
The hobgoblin closely misses you. The adder closely misses you.
You barely miss the adder.
The adder is almost dead.
You hear a shout!
The giant cockroach closely misses you. The adder barely misses you.
A frilled lizard comes into view.
The hobgoblin hits you but does no damage.
The giant cockroach bites you.
You die...

#.##.# .
##.##.#.#
#.<##%#.#
#.###...
####.###.#
#........#
#........#
#........##.###.
#......@SSg.....
#......sg##lg.##
#......#.# ..#
######.#.# #l#
#.#.# g ..#.#
.##.# .. ...


You could see an adder, a giant cockroach, a hobgoblin, 2 goblins, a ball python
and a frilled lizard.

Vanquished Creatures
  2 dart slugs (D:1)
  A goblin (D:1)
  A hobgoblin (D:1)
  A quokka (D:2)
  3 bats (D:1)
  A frilled lizard (D:1)
  2 kobolds (D:1)
  2 rats (D:1)
13 creatures vanquished.

Notes
Turn   | Place    | Note
-------+----------+-------------------------------------------
     0 | D:1      | AuftragZ the Merfolk Skald began the quest for the Orb.
     0 | D:1      | Reached XP level 1. HP: 16/16 MP: 3/3
   332 | D:1      | Reached XP level 2. HP: 22/22 MP: 5/5
   838 | D:1      | Learned a level 2 spell: Song of Slaying
   841 | D:1      | Learned a level 2 spell: Shroud of Golubria
  1121 | D:2      | HP: 1/22 [giant cockroach (1)]
  1122 | D:2      | Slain by a giant cockroach

Illustrated notes

Levels and vault maps discovered:
D:1:      dpeg_arrival_leaves_temple_mockup, layout_rooms
D:2:      layout_rooms, minmay_hexomino_c4

Action                   || total
-------------------------++-------
Melee: Short sword       ||    51
 Cast: Shroud of Golubri ||     1
       Song of Slaying   ||     1
  Use: Scroll            ||     4
       Potion            ||     3
 Stab: Invisible         ||     1
Armor: Leather armour    ||    23
Dodge: Dodged            ||    60
